 Dungeon Sprint DCSS version 0.22.1-2-g9c5b331383 (webtiles) character file.

1438 Groucho the Grappler (level 8, 0/89 HPs)
             Began as a Troll Monk on Dec 8, 2018.
             Was a High Priest of Cheibriados.
             Slain by a slime creature (17 damage)
             ... in the Dungeon (Sprint IX: "|||||||||||||||||||||||||||||").
             The game lasted 00:01:40 (365 turns).

Groucho the Grappler (Troll Monk)                    Turns: 365, Time: 00:01:41

Health: 0/89       AC:  5    Str: 32    XL:     8   Next: 45%
Magic:  8/12       EV: 18    Int: 24    God:    Cheibriados [*****.]
Gold:   0          SH:  0    Dex: 26    Spells: 7/7 levels left

rFire    . . .     SeeInvis .     - Unarmed
rCold    . . .     Gourm    +   (no shield)
rNeg     . . .     Faith    .   a - +0 robe
rPois    .         Spirit   .   (helmet restricted)
rElec    .         Reflect  .   (no cloak)
rCorr    .         Harm     .   (gloves unavailable)
MR       .....     NoTele   +   (boots unavailable)
Stlth    ++........             (no amulet)
HPRegen  0.64/turn              m - +3 ring of intelligence
MPRegen  0.13/turn              n - +3 ring of intelligence

@: very slightly contaminated, very slow
A: large, unfitting armour, claws 3, fast metabolism 3, gourmand, regeneration
1, shaggy fur 1, tough skin 2
a: Bend Time, Temporal Distortion, Slouch, Step From Time, Renounce Religion


You were in the Dungeon.
You worshipped Cheibriados.
Cheibriados was extremely pleased with you.
You were full.

You visited 1 branch

Inventory:

Armour
 a - a +0 robe (worn)
Jewellery
 m - a +3 ring of intelligence (left claw)
 n - a +3 ring of intelligence (right claw)
Wands
 l - a wand of iceblast (10)
Scrolls
 h - a scroll of blinking
 j - 3 scrolls of remove curse
 k - 2 scrolls of amnesia
Potions
 c - 5 potions of curing
 d - a potion of heal wounds
 e - a potion of haste
 f - 4 potions of magic
 g - a potion of berserk rage
Comestibles
 b - 2 rations


   Skills:
 + Level 8.4 Fighting
 + Level 8.4 Dodging
 - Level 1.0 Stealth
 + Level 11.0 Unarmed Combat
 + Level 7.4 Invocations


You had 7 spell levels left.
You didn't know any spells.
Your spell library was empty.

Dungeon Overview and Level Annotations

Branches:
Dungeon (1/1)

Altars:
Cheibriados
Dithmenos
Elyvilon
Fedhas
Gozag
Hepliaklqana
Kikubaaqudgha
Makhleb
Nemelex Xobeh
Okawaru
Qazlal
Ru
Sif Muna
Trog
Uskayaw
Vehumet
Wu Jian
Xom
Yredelemnul
Zin
The Shining One
Beogh
Jiyva
Lugonu


Innate Abilities, Weirdness & Mutations

You are too large for most types of armour.
You have claws for hands.
Your metabolism is lightning-fast.
You like to eat raw meat.
Your natural rate of healing is unusually fast.
You are covered in fur. (AC +1)
You have very tough skin. (AC +2)


Message History

The troll closely misses you.
You mangle the troll!!
You kill the troll!
Cheibriados thoroughly appreciates the change of pace.
Cheibriados raises the support of your attributes as your movement slows.
Your Unarmed Combat skill increases to level 11!
The slime creature misses you.
The slime creature completely misses you.
There is an open door, spattered with blood here.
You see here a troll corpse.
Unknown command.
You barely miss the slime creature. The slime creature hits you!
You claw the slime creature!
The slime creature is moderately wounded.
The slime creature hits you!!
* * * LOW HITPOINT WARNING * * *
You scratch the slime creature.
The slime creature is moderately wounded.
The slime creature hits you!
You die... ▓▓▓▓▓▓▓▓▓▓▓▓▓▓▓▓▓▓▓▓▓▓▓▓ ..|([[[.(').†..)@J.....+ ▓▓▓▓▓▓▓▓▓▓▓▓▓▓▓▓▓▓▓▓▓▓▓▓

You could see a slime creature.

Vanquished Creatures
  2 deep elf magi (D)
  A troll (D)
  A sky beast (D)
  A big kobold (D)
  A bullfrog (D)
  A scorpion (D)
  A killer bee (D)
  A howler monkey (D)
  A crimson imp (D)
  An iguana (D)
  An adder (D)
  An adder zombie (D)
  An orc (D)
  2 bats (D)
  A bat zombie (D)
  A goblin (D)
  A kobold (D)
  A leopard gecko skeleton (D)
  A rat (D)
21 creatures vanquished.

Notes
Turn   | Place    | Note
-------+----------+-------------------------------------------
     0 | D        | Groucho the Troll Monk began the quest for the Orb.
     0 | D        | Reached XP level 1. HP: 22/22 MP: 0/0
    38 | D        | Noticed an iguana
    38 | D        | Noticed a scorpion
    38 | D        | Noticed a crimson imp
    40 | D        | Killed an iguana
    40 | D        | Reached skill level 5 in Unarmed Combat
    40 | D        | Reached XP level 2. HP: 31/31 MP: 1/1
    40 | D        | Reached XP level 3. HP: 37/37 MP: 2/2
    43 | D        | Killed a scorpion
    43 | D        | Reached skill level 6 in Unarmed Combat
    43 | D        | Reached XP level 4. HP: 48/48 MP: 3/3
    55 | D        | Reached skill level 7 in Unarmed Combat
   268 | D        | Found a roughly hewn altar of Beogh.
   268 | D        | Found a snail-covered altar of Cheibriados.
   268 | D        | Found a shadowy altar of Dithmenos.
   268 | D        | Found a white marble altar of Elyvilon.
   268 | D        | Found a blossoming altar of Fedhas.
   268 | D        | Found an opulent altar of Gozag.
   269 | D        | Found a hazy altar of Hepliaklqana.
   270 | D        | Found a viscous altar of Jiyva.
   271 | D        | Found an ancient bone altar of Kikubaaqudgha.
   272 | D        | Became a worshipper of Cheibriados the Contemplative
   272 | D        | Reached * piety under Cheibriados
   272 | D        | Reached ** piety under Cheibriados
   273 | D        | Found a corrupted altar of Lugonu.
   274 | D        | Found a burning altar of Makhleb.
   275 | D        | Found a sparkling altar of Nemelex Xobeh.
   276 | D        | Found an iron altar of Okawaru.
   277 | D        | Found a stormy altar of Qazlal.
   278 | D        | Found a sacrificial altar of Ru.
   279 | D        | Found a deep blue altar of Sif Muna.
   280 | D        | Found a bloodstained altar of Trog.
   281 | D        | Found a hide-covered altar of Uskayaw.
   282 | D        | Found a radiant altar of Vehumet.
   283 | D        | Found an ornate altar of the Wu Jian Council.
   284 | D        | Found a shimmering altar of Xom.
   285 | D        | Found a basalt altar of Yredelemnul.
   286 | D        | Found a glowing silver altar of Zin.
   287 | D        | Found a glowing golden altar of the Shining One.
   313 | D        | Noticed a big kobold
   313 | D        | Noticed a sky beast
   317 | D        | Killed a big kobold
   317 | D        | Reached skill level 5 in Fighting
   317 | D        | Reached skill level 5 in Dodging
   317 | D        | Reached skill level 8 in Unarmed Combat
   317 | D        | Reached XP level 5. HP: 57/57 MP: 3/5
   322 | D        | Reached *** piety under Cheibriados
   323 | D        | Reached XP level 6. HP: 55/67 MP: 3/7
   330 | D        | Killed a sky beast
   330 | D        | Reached skill level 9 in Unarmed Combat
   335 | D        | Noticed a deep elf mage
   335 | D        | Noticed a deep elf mage
   335 | D        | Noticed a troll
   335 | D        | Noticed a slime creature
   339 | D        | Killed a deep elf mage
   339 | D        | Reached **** piety under Cheibriados
   339 | D        | Reached skill level 10 in Unarmed Combat
   339 | D        | Reached XP level 7. HP: 75/78 MP: 5/10
   357 | D        | Killed a deep elf mage
   357 | D        | Reached ***** piety under Cheibriados
   357 | D        | Reached XP level 8. HP: 34/88 MP: 7/12
   361 | D        | Killed a troll
   361 | D        | Reached skill level 11 in Unarmed Combat
   365 | D        | Slain by a slime creature

Skill      XL: |  1  2  3  4  5  6  7  8 |
---------------+-------------------------+-----
Fighting       | 3 4 5 7 8 |  8.4
Dodging        | 3 4 5 7 8 |  8.4
Unarmed Combat | 5 6 8 10 11 | 11.0
Invocations    | 2 3 6 7 |  7.4
Stealth        | |  1.0

Action                   |  1- 3 |  4- 6 |  7- 9 || total
-------------------------+-------+-------+-------++-------
Melee: Unarmed           |    13 |    25 |    20 ||    58
       Punch             |       |     2 |     3 ||     5
  Use: Potion            |       |     1 |     2 ||     3
       Scroll            |       |       |     1 ||     1
 Stab: Sleeping          |     2 |       |       ||     2
       Invisible         |       |     5 |       ||     5
  Eat: Chunk             |     6 |       |       ||     6
Armor: Robe              |     4 |     6 |     1 ||    11
Dodge: Dodged            |     4 |    22 |    27 ||    53
